 Dungeon Crawl Stone Soup version 0.28.0-43-g3370ac3207 (webtiles) character file.

Game seed: 10329920116181855047

17130 CryoSword the Grappler (level 12, -13/119 HPs)
             Began as a Troll Transmuter on Mar 24, 2022.
             Was an Elder of Kikubaaqudgha.
             Mangled by an ettin
             ... wielding a +0 great mace
              (37 damage)
             ... on level 10 of the Dungeon.
             The game lasted 00:24:53 (11135 turns).

CryoSword the Grappler (Troll Transmuter)          Turns: 11135, Time: 00:24:54

Health: -13/119    AC:  9    Str: 21    XL:     12   Next: 16%
Magic:  14/14      EV:  7    Int: 13    God:    Kikubaaqudgha [****..]
Gold:   284        SH: 19    Dex: 10    Spells: 9/16 levels left

rFire   . . .      SeeInvis .     - Unarmed
rCold   . . .      Faith    .   f - +0 tower shield
rNeg    . . .      Spirit   .   G - +0 troll leather armour
rPois   +          Reflect  +   (helmet currently unavailable)
rElec   .          Harm     .   J - +2 cloak
rCorr   .          Rampage  .   (gloves unavailable)
Will    .....                   (boots unavailable)
Stlth   +.........              a - amulet of reflection
HPRegen 1.89/turn               s - ring of poison resistance
MPRegen 0.14/turn               (no ring)

@: appendages
A: horns 2, talons 2, large, unfitting armour, claws 3, regeneration 1, shaggy
fur 1, tough skin 1
a: End Transformation, Renounce Religion, Receive Corpses


You were on level 10 of the Dungeon.
You worshipped Kikubaaqudgha.
Kikubaaqudgha was greatly pleased with you.
You had temporarily grown beastly horns and talons.
You visited 2 branches of the dungeon, and saw 11 of its levels.
You also visited: Bailey.

You collected 481 gold pieces.
You spent 197 gold pieces at shops.

Inventory:

Hand Weapons
 w - a +1 long sword of flaming
   (You took it off Maggie on level 7 of the Dungeon)
Missiles
 m - 7 boomerangs of dispersal {!f}
 n - 6 boomerangs
 r - 23 poisoned darts
 t - 5 curare-tipped darts (quivered)
 A - 7 large rocks
 I - 6 atropa-tipped darts
 K - 6 datura-tipped darts
Armour
 f - a +0 tower shield (worn)
   (You found it on level 1 of the Dungeon)
 G - a +0 troll leather armour (worn)
   (You found it on level 9 of the Dungeon)
 J - a +2 cloak (worn)
   (You found it on level 10 of the Dungeon)
Jewellery
 a - an amulet of reflection (around neck)
   (You acquired it on level 7 of the Dungeon)
 s - a ring of poison resistance (left claw)
   (You found it on level 6 of the Dungeon)
Wands
 x - a wand of acid (7)
   (You found it on level 7 of the Dungeon)
 E - a wand of iceblast (12)
   (You found it on level 8 of the Dungeon)
 H - a wand of digging (8)
   (You found it on level 9 of the Dungeon)
Scrolls
 e - a scroll of magic mapping {unknown}
 h - a scroll of fog {unknown}
 i - a scroll of enchant armour {unknown}
 k - 2 scrolls of blinking
 l - a scroll of enchant weapon {unknown}
 o - 3 scrolls of immolation {!r}
 v - 2 scrolls of teleportation {@r4}
 y - 2 scrolls of summoning {unknown}
 F - 2 scrolls of fear
Potions
 b - 10 potions of curing {@q1}
 c - 3 potions of lignification {!q}
 d - 3 potions of magic
 g - a potion of might {unknown}
 j - 6 potions of heal wounds {@q2}
 p - 8 potions of haste {@q3}
 q - a potion of berserk rage {unknown}
 u - a potion of attraction {unknown}
 z - 3 potions of brilliance
 B - 3 potions of mutation {!q}
 D - 2 potions of invisibility {unknown}


   Skills:
 + Level 8.1 Fighting
 + Level 2.6 Throwing
 + Level 3.2 Dodging
 * Level 8.4 Shields
 * Level 10.7 Unarmed Combat
 + Level 2.5 Spellcasting
 * Level 3.9 Necromancy
 + Level 5.7 Transmutations


You had 9 spell levels left.
You knew the following spells:

 Your Spells              Type           Power      Damage    Failure   Level
a - Beastly Appendage     Tmut           32%        N/A       13%         1
b - Wereblood             Tmut           16%        N/A       19%         2
c - Animate Dead          Necr           6%         N/A       95%         4

Your spell library contained the following spells:

 Spells                   Type           Power      Damage    Failure   Level
 Animate Skeleton         Necr           24%        N/A       26%         1
 Pain                     Necr           48%        1d6       26%         1
 Sublimation of Blood     Necr           12%        N/A       36%         2
 Passwall                 Tmut/Erth      7%         N/A       52%         2
 Vampiric Draining        Necr           12%        2d6       61%         3
 Corpse Rot               Necr/Air       12%        N/A       65%         2
 Spider Form              Tmut/Pois      9%         N/A       77%         3
 Poisonous Vapours        Pois/Air       2%         N/A       90%         2
 Blade Hands              Tmut           8%         N/A       98%         5
 Inner Flame              Hex/Fire       1%         N/A       99%         3
 Mephitic Cloud           Conj/Pois/Air  1%         N/A       99%         3
 Stone Arrow              Conj/Erth      2%         3d7       99%         3
 Ice Form                 Ice/Tmut       9%         N/A       99%         4
 Airstrike                Air            0%         N/A       100%        4
 Animate Armour           Summ/Erth      2%         N/A       100%        4
 Cause Fear               Hex            0%         N/A       100%        4
 Summon Ice Beast         Ice/Summ       1%         N/A       100%        4
 Summon Lightning Spire   Summ/Air       1%         N/A       100%        4
 Borgnjor's Vile Clutch   Necr/Erth      3%         N/A       100%        5
 Excruciating Wounds      Necr           6%         N/A       100%        5
 Freezing Cloud           Conj/Ice/Air   0%         6-21      100%        5
 Irradiate                Conj/Tmut      4%         3d15      100%        5
 Lee's Rapid Deconstruct  Erth           0%         3d5*      100%        5
 Lightning Bolt           Conj/Air       0%         1d11      100%        5
 Summon Mana Viper        Hex/Summ       1%         N/A       100%        5
 Death Channel            Necr           6%         N/A       100%        6
 Iron Shot                Conj/Erth      0%         9d1       100%        6
 Simulacrum               Ice/Necr       3%         N/A       100%        6
 Monstrous Menagerie      Summ           0%         N/A       100%        7
 Discord                  Hex            0%         N/A       100%        8
 Lehudib's Crystal Spear  Conj/Erth      0%         10d2      100%        8
 Polar Vortex             Ice            0%         N/A       100%        9


Dungeon Overview and Level Annotations

Branches:
Dungeon (10/15)            Temple (1/1) D:5            Lair (0/6) D:8
    Orc (0/2) D:10         Bailey (visited)

Altars:
Ashenzari
Cheibriados
Dithmenos
Elyvilon
Fedhas
Gozag
Hepliaklqana
Kikubaaqudgha
Makhleb
Nemelex Xobeh
Okawaru
Qazlal
Ru
Sif Muna
Trog
Uskayaw
Vehumet
Wu Jian
Xom
Yredelemnul
Zin
The Shining One

Shops:
D:1 (   D:7 [(*

Annotations:
D:7 3 runed translucent doors, Kaptain's ghost, novice GrEE


Innate Abilities, Weirdness & Mutations

You have temporarily grown beastly horns and talons.
You are too large for most types of armour.
You have claws for hands.
Your natural rate of healing is unusually fast.
You are covered in fur. (AC +1)
You have tough skin. (AC +1)


Message History

A centaur warrior comes into view.
The centaur warrior shouts!
The centaur warrior wields a +0 shortbow.
The centaur warrior shoots an arrow.
You reflect the arrow off an invisible shield around you!
The arrow hits the centaur warrior!
The centaur warrior shoots an arrow.
The arrow hits you!
Found 13 arrows.
Found a crooked jewelled staff.
The centaur warrior shoots an arrow.
The arrow hits you!!
There is an open door, spattered with blood here.
The ettin shouts in stereo!
The centaur warrior unwields a +0 shortbow.
The centaur warrior hits you. You block the centaur warrior's attack.
You mangle the centaur warrior!!
Your horns disappear.
Your talons disappear.
The centaur warrior hits you but does no damage.
You block the centaur warrior's attack. x2
The centaur warrior kicks you but does no damage.
You claw the centaur warrior!
You block the centaur warrior's attack. x2
You scratch the centaur warrior. You block the centaur warrior's attack.
The centaur warrior kicks you.
The centaur warrior hits you but does no damage.
You block the centaur warrior's attack.
You closely miss the centaur warrior. The centaur warrior hits you.
You block the centaur warrior's attack. The centaur warrior hits you.
You block the centaur warrior's attack.
You scratch the centaur warrior.
The centaur warrior hits you but does no damage.
You block the centaur warrior's attack.
You completely miss the centaur warrior.
You block the centaur warrior's attack. x2; The centaur warrior hits you!
You block the centaur warrior's attack.
You are too injured to fight recklessly!
You are too injured to fight recklessly!
You are too injured to fight recklessly!
Unknown command.
You grow a pair of large bovine horns.
Your feet morph into talons.
You block the centaur warrior's attack. The centaur warrior barely misses you.
You are too injured to fight recklessly!
You are too injured to fight recklessly!
You are too injured to fight recklessly!
You mangle the centaur warrior!!
You kill the centaur warrior!
Kikubaaqudgha accepts your kill.
Found two items.
Things that are here:
a +0 shortbow; 17 arrows; a centaur corpse You start resting.
Your transformation is almost over.
You start resting.
Your horns disappear.
Your talons disappear.
You grow a pair of large bovine horns.
Your feet morph into talons.
You open the door.
A deep elf pyromancer comes into view. It is wielding a +0 rapier.
The deep elf pyromancer shouts!
The deep elf pyromancer gestures wildly while chanting.
The deep elf pyromancer blinks!
There is an open door here.
The deep elf pyromancer mumbles some strange words.
The deep elf pyromancer blinks!
You scratch the deep elf pyromancer but do no damage.
Your kick misses the deep elf pyromancer.
Your headbutt misses the deep elf pyromancer.
The deep elf pyromancer hits you with a +0 rapier.
You mangle the deep elf pyromancer!!
You claw the deep elf pyromancer, but do no damage.
You block the deep elf pyromancer's attack.
You scratch the deep elf pyromancer.
Your kick misses the deep elf pyromancer.
Your headbutt misses the deep elf pyromancer.
The deep elf pyromancer mumbles some strange words.
The deep elf pyromancer blinks!
There is an open door, spattered with blood here.
The deep elf pyromancer casts a spell.
The deep elf pyromancer blinks!
There is an open door, spattered with blood here.
You block the deep elf pyromancer's attack.
You barely miss the deep elf pyromancer.
Your headbutt misses the deep elf pyromancer.
Your transformation is almost over.
You block the deep elf pyromancer's attack.
You completely miss the deep elf pyromancer.
Your kick misses the deep elf pyromancer.
You block the deep elf pyromancer's attack.
You barely miss the deep elf pyromancer.
Your headbutt misses the deep elf pyromancer.
The deep elf pyromancer hits you but does no damage.
You scratch the deep elf pyromancer.
Your kick misses the deep elf pyromancer.
The deep elf pyromancer hits you with a +0 rapier.
You claw the deep elf pyromancer!
You kill the deep elf pyromancer!
Kikubaaqudgha accepts your kill.
No target in view!
There is an open door, spattered with blood here.
You extend your transformation's duration.
As you open the door, it creaks loudly!
A deep elf pyromancer comes into view. It is wielding a +0 long sword.
The deep elf pyromancer shouts!
The deep elf pyromancer casts a spell.
The deep elf pyromancer blinks!
There is an open door here.
You barely miss the deep elf pyromancer.
The deep elf pyromancer points at you and mumbles some strange words.
The sticky flame hits you!
You are covered in liquid flames!
You closely miss the deep elf pyromancer.
You are covered in liquid flames!
You block the deep elf pyromancer's attack.
You mangle the deep elf pyromancer!! You headbutt the deep elf pyromancer.
You are covered in liquid flames!
The deep elf pyromancer points at you and mumbles some strange words.
The bolt of fire hits you!!
You are too injured to fight recklessly!
You are too injured to fight recklessly!
You are too injured to fight recklessly!
You are too injured to fight recklessly!
You are too injured to fight recklessly!
You mangle the deep elf pyromancer!!
You kill the deep elf pyromancer!
Kikubaaqudgha accepts your kill.
You are covered in liquid flames!
Things that are here:
a +0 long sword; an elf corpse
There is an open door here.
You start resting.
Your transformation is almost over.
You extend your transformation's duration.
You open the door. You claw the ettin!
You headbutt the ettin, but do no damage.
The ettin hits you with a +0 great mace!!!
You block the ettin's attack.
You scratch the ettin but do no damage. You claw the ettin.
You headbutt the ettin. You block the ettin's attack. x2
You scratch the ettin but do no damage. You claw the ettin, but do no damage.
You block the ettin's attack.
The ettin hits you with a +0 dire flail!
You claw the ettin! You claw the ettin, but do no damage.
You block the ettin's attack.
The ettin hits you with a +0 dire flail!
* * * LOW HITPOINT WARNING * * *
You completely miss the ettin. You claw the ettin, but do no damage.
You headbutt the ettin!
The ettin hits you with a +0 great mace!!
* * * LOW HITPOINT WARNING * * *
The ettin hits you with a +0 dire flail!!!
You die...
Kikubaaqudgha rasps: "You have failed me!
Welcome... death!"

#...#...#...##'####....
#..†'...'...#.....#....
#...#...#...#.....#....
##'#######)##.....'....
#...#}.)#...##....#....
#.).#...#...##....#....
#...#(.|#...#.....#....
##'###C###)###....+....
#...#.@.#...##....#....
#.).'...#...##....#....
#...#...#...##....##'##
#############.....'....
#.....##...##....#....
#.....##...##....#....
#..........##....####.
#..........##....####>
#.....................


You could see an ettin.

Vanquished Creatures
  3 hydras
  A centaur warrior (D:10)
  2 two-headed ogres (D:9)
  Pikel (D:7)
  2 orc knights (D:10)
  2 deep elf pyromancers (D:10)
  An ugly thing (D:9)
  2 cyclopes
  Maggie (D:7)
  A tengu conjurer (D:10)
  2 trolls
  A slime creature (D:9)
  5 wyverns
  13 yaks
  A basilisk (D:8)
  Edmund (D:3)
  3 acid dragons
  6 water moccasins
  A swamp drake (D:10)
  2 black bears
  7 orc warriors
  A sky beast (D:3)
  A hornet zombie (D:4)
  An ice beast (D:7)
  3 ogres
  A necrophage (D:4)
  3 wolves
  3 centaurs
  2 lemures (D:7)
  A bullfrog (D:7)
  3 kobold brigands
  A gnoll sergeant (D:8)
  6 scorpions
  A wyvern skeleton (D:7)
  11 killer bees
  3 wights (D:10)
  3 howler monkeys (D:9)
  5 hounds
  3 jellies
  3 centaur zombies
  7 orc priests
  Crazy Yiuf (D:7)
  2 iguanas (D:4)
  11 orc wizards
  A killer bee zombie (D:7)
  A hound skeleton (D:4)
  A hound zombie (D:5)
  4 howler monkey zombies (D:9)
  15 gnolls
  A howler monkey skeleton (D:7)
  7 adders
  2 shadow imps
  3 white imps
  2 worms
  53 orcs
  11 endoplasms
  4 giant cockroaches
  8 goblins
  8 hobgoblins
  6 jackals (D:1)
  5 quokkas
  9 ball pythons
  12 bats
  4 frilled lizards
  14 kobolds
  5 rats
310 creatures vanquished.

Vanquished Creatures (others)
  A bush (D:8)
  8 fungi
  22 plants
31 creatures vanquished.

Grand Total: 341 creatures vanquished

Notes
Turn   | Place    | Note
-------+----------+-------------------------------------------
     0 | D:1      | CryoSword the Troll Transmuter began the quest for the Orb.
     0 | D:1      | Reached XP level 1. HP: 18/18 MP: 1/1
    40 | D:1      | Reached skill level 1 in Fighting
   330 | D:1      | Reached XP level 2. HP: 25/27 MP: 2/2
   486 | D:1      | Reached XP level 3. HP: 32/33 MP: 3/3
   519 | D:1      | Found Kydadail's Antique Weapon Emporium.
  1487 | D:2      | Reached XP level 4. HP: 42/42 MP: 4/4
  1818 | D:3      | Reached skill level 1 in Shields
  1900 | D:3      | Noticed a sky beast
  1909 | D:3      | Killed a sky beast
  1910 | D:3      | Reached skill level 4 in Unarmed Combat
  1910 | D:3      | Reached XP level 5. HP: 22/50 MP: 5/5
  1968 | D:3      | Got the Reference Book on Arcane Weapons and the Mountains
  2078 | D:3      | Found a faded altar of an unknown god.
  2321 | D:3      | Found a sacrificial altar of Ru.
  2386 | D:4      | Noticed an ogre
  2408 | D:4      | Noticed a necrophage
  2423 | D:4      | Killed a necrophage
  2424 | D:4      | Reached XP level 6. HP: 15/59 MP: 6/6
  2732 | D:4      | Identified the +5 glaive of Wisdom {flame, rElec rC- Dex+4
                  | Stlth+}
  2741 | D:4      | Noticed Edmund
  2798 | D:3      | Killed Edmund
  2799 | D:3      | Reached skill level 5 in Unarmed Combat
  2799 | D:3      | Reached XP level 7. HP: 33/67 MP: 7/7
  3317 | D:4      | Learned a level 2 spell: Wereblood
  3642 | D:5      | Entered Level 5 of the Dungeon
  4009 | D:5      | Reached XP level 8. HP: 78/78 MP: 8/8
  4040 | D:5      | Reached skill level 6 in Unarmed Combat
  4360 | D:5      | Noticed a two-headed ogre
  4362 | D:5      | Found a staircase to the Ecumenical Temple.
  4400 | D:5      | HP: 3/79 [two-headed ogre/+0 giant club (21)]
  4540 | Temple   | Entered the Ecumenical Temple
  4717 | Temple   | Became a worshipper of Kikubaaqudgha
  5759 | D:6      | Reached skill level 5 in Fighting
  5940 | D:6      | Found a hide-covered altar of Uskayaw.
  6094 | D:6      | Found a shimmering altar of Xom.
  6341 | D:7      | Noticed Maggie
  6355 | D:7      | Killed Maggie
  6356 | D:7      | Reached skill level 7 in Unarmed Combat
  6356 | D:7      | Reached XP level 9. HP: 41/88 MP: 9/9
  6482 | D:7      | Found Caapen's Armour Shop.
  6601 | D:7      | Noticed Pikel
  6626 | D:7      | Reached skill level 5 in Shields
  6633 | D:7      | Killed Pikel
  6720 | D:7      | Reached * piety under Kikubaaqudgha
  6720 | D:7      | Received a gift from Kikubaaqudgha
  6751 | D:7      | Found Ugot Ukh's Weapon Boutique.
  6883 | D:7      | Found Keplupu's Assorted Antiques.
  6886 | D:7      | Bought a potion of heal wounds for 125 gold pieces
  6886 | D:7      | Bought a scroll of identify for 50 gold pieces
  6886 | D:7      | Bought a murky yellow potion for 22 gold pieces
  6890 | D:7      | Found a runed translucent gate.
  6890 | D:7      | Found a runed translucent gate.
  6890 | D:7      | Found a runed translucent gate.
  6891 | D:7      | Noticed Kaptain's ghost (novice GrEE)
  6894 | D:7      | Identified the +7 long sword of Sequestration {vorpal,
                  | Str+6 Int+3}
  6926 | D:7      | Found a runed translucent door.
  6927 | D:7      | Noticed Crazy Yiuf
  7308 | D:7      | Killed Crazy Yiuf
  7374 | D:8      | Noticed a four-headed hydra
  7622 | D:8      | Noticed a cyclops
  7646 | D:8      | Killed a cyclops
  7647 | D:8      | Reached skill level 8 in Unarmed Combat
  7744 | D:8      | Reached XP level 10. HP: 100/100 MP: 10/10
  7870 | D:8      | Found a flagged portal.
  7963 | D:8      | Reached skill level 9 in Unarmed Combat
  8000 | Bailey   | Entered a bailey
  8063 | Bailey   | Reached ** piety under Kikubaaqudgha
  8612 | D:7      | Killed a one-headed hydra
  8674 | D:7      | Reached skill level 5 in Transmutations
  8761 | D:7      | Acquired an amulet of reflection
  8854 | D:8      | Found a staircase to the Lair.
  8974 | D:8      | Noticed a six-headed hydra
  9046 | D:8      | Killed a one-headed hydra
  9047 | D:8      | Reached skill level 1 in Necromancy
  9047 | D:8      | Reached XP level 11. HP: 78/109 MP: 12/12
  9549 | D:9      | Noticed a two-headed ogre
  9589 | D:9      | Killed a two-headed ogre
  9613 | D:9      | Reached *** piety under Kikubaaqudgha
  9613 | D:9      | Received a gift from Kikubaaqudgha
  9677 | D:9      | Learned a level 4 spell: Animate Dead
  9769 | D:9      | Noticed a brown ugly thing
  9876 | D:9      | Killed a brown ugly thing
  9877 | D:9      | Reached skill level 1 in Throwing
  9965 | D:9      | Reached skill level 10 in Unarmed Combat
 10226 | D:10     | Entered Level 10 of the Dungeon
 10321 | D:10     | Reached **** piety under Kikubaaqudgha
 10434 | D:9      | Noticed a two-headed ogre
 10444 | D:9      | Killed a two-headed ogre
 10659 | D:10     | Found a staircase to the Orcish Mines.
 10906 | D:10     | Identified the +7 great mace "Ultimatum" {vorpal, Fly Str+2
                  | Int+2}
 10952 | D:10     | Noticed a five-headed hydra
 10960 | D:10     | Killed a one-headed hydra
 10977 | D:10     | Noticed an orc knight
 10998 | D:10     | Killed an orc knight
 11023 | D:10     | Noticed an orc knight
 11030 | D:10     | Killed an orc knight
 11031 | D:10     | Reached XP level 12. HP: 119/119 MP: 14/14
 11050 | D:10     | Noticed a centaur warrior
 11052 | D:10     | Noticed an ettin
 11060 | D:10     | Killed a centaur warrior
 11061 | D:10     | Found the +10 morningstar "Eos" {elec, Halo rElec}
 11135 | D:10     | Mangled by an ettin

Illustrated notes

Levels and vault maps discovered:
D:1:      dpeg_arrival_oval, layout_basic, serial_shops,
          nicolae_shop_window_shopping, minmay_fountain_box,
          minmay_misc_feat_nine_boxes
D:2:      layout_basic
D:3:      layout_basic, marbit_many_paths,
          hellmonk_ecumenical_altar_leap_of_faith, minmay_misc_feat_iff
D:4:      layout_basic, uniq_edmund
D:5:      old_forge, layout_loops_ring, minmay_temple_entry_overgrown
D:6:      layout_basic, mainiacjoe_overflow_tiny_flanked,
          mainiacjoe_overflow_alcove_4
D:7:      layout_basic, gammafunk_ghost_nasty_kobolds, serial_shops,
          nicolae_shop_crystal, nicolae_shop_bloodbath_and_beyond,
          nicolae_shop_behind_doors, uniq_pikel, uniq_maggie,
          uniq_crazy_yiuf_cottage
D:8:      layout_loops_cross, minmay_lair_entry_grove, enter_bailey_4,
          minmay_radiant
D:9:      minmay_slanted_spiral_squares, layout_basic
D:10:     layout_gridville, erik_orc_1, grunt_ministairs_14, minmay_evil_grid
Temple:   mainiacjoe_temple_bowtie_tessellation

Skill      XL: |  1  2  3  4  5  6  7  8  9 10 11 |
---------------+----------------------------------+-----
Fighting       | 1 2 3 4 5 6 7 8 |  8.1
Shields        | 1 2 3 4 6 7 8 |  8.4
Unarmed Combat | 4 5 7 8 9 10 | 10.7
Transmutations | 2 3 4 5 |  5.7
Necromancy     | 1 3 |  3.9
Dodging        | 3 |  3.2
Throwing       | 2 |  2.6
Spellcasting   | 2 |  2.5

Action                   |  1- 3 |  4- 6 |  7- 9 | 10-12 || total
-------------------------+-------+-------+-------+-------++-------
Melee: Unarmed           |    99 |   175 |   322 |   517 ||  1113
       Punch             |     1 |       |       |       ||     1
       Long sword        |       |       |       |    18 ||    18
       Kick              |       |       |       |    48 ||    48
       Headbutt          |       |       |       |    25 ||    25
Throw: Dart              |       |       |       |     1 ||     1
 Cast: Beastly Appendage |     3 |       |     1 |    19 ||    23
       Wereblood         |       |       |       |     2 ||     2
Evoke: Wand              |       |       |       |     1 ||     1
  Use: Potion            |       |     2 |       |     7 ||     9
       Scroll            |       |     2 |     6 |     5 ||    13
 Stab: Sleeping          |     2 |     1 |     1 |     1 ||     5
Armor: Robe              |    39 |    59 |    40 |       ||   138
       Steam dragon scal |       |       |    55 |    72 ||   127
       Troll leather arm |       |       |       |    83 ||    83
Dodge: Dodged            |    23 |    40 |    85 |   146 ||   294
Block: Tower shield      |    43 |   126 |   230 |   634 ||  1033
       Reflection        |       |       |       |     6 ||     6
